[Event "Early-Titled-Tuesday-Blitz-May-14-2024"]
[Site "Chess.com"]
[Date "2024.05.14"]
[Round "8"]
[White "OparinGrigoriy"]
[Black "sergiochess83"]
[Result "1-0"]
[WhiteElo "2988"]
[BlackElo "2866"]
[TimeControl "180+1"]
[EndTime "9:29:56 PDT"]
[Termination "OparinGrigoriy won on time"]

1. Nc3 d5 2. d4 Nf6 3. Bf4 Bf5 4.
e3 e6 5. Bd3 Bd6 6. Bxf5 exf5 7. Nge2 O-O 8. Qd3 g6 9. O-O-O Bxf4 10. Nxf4 c6 11. f3 Re8 12. h3 b5 13. g4 b4 14.
Na4 Qa5 15. b3 Nbd7 16. Kb1 c5 17. dxc5 Nxc5 18. Nxc5 Qxc5 19. Rhe1 fxg4 20. hxg4 Re5 21. Qd2 Qc3 22. Nd3 Rg5 23. Nxb4 Qxd2 24. Rxd2 h5 25. gxh5 gxh5 26. f4 Rf5 27. Nc6 Re8 28. Nd4 Rxf4 29. Kb2 Ng4 30. Rh1 Rxe3 31. Rxh5 Nf6 32. Rg2+ Kf8 33.
Rh8+ Ke7 34. Nc6+ Kd7 35. Nxa7 Ne4 36. Nb5 Rf1 37. a4 Ree1 38. Ka3 Nc5 39. Kb4 Nb7 40. Rd2 Re4+ 41. c4 1-0

[Event "Early-Titled-Tuesday-Blitz-May-14-2024"]
[Site "Chess.com"]
[Date "2024.05.14"]
[Round "8"]
[White "kingofthenil"]
[Black "AnishOnYoutube"]
[Result "0-1"]
[WhiteElo "2853"]
[BlackElo "3024"]
[TimeControl "180+1"]
[EndTime "9:29:57 PDT"]
[Termination "AnishOnYoutube won on time"]

1. e4 c5 2. d3 Nc6 3. g3 e6 4. Bg2 Nf6 5. Ne2 d6 6. O-O Be7 7. c3 O-O 8. d4 Qc7 9. Bf4 e5 10. Be3 b5 11. a4 b4 12. dxc5 dxc5 13. cxb4 cxb4 14. Qc2 Ba6 15. Re1 Rac8 16. Nc1 Na5 17. Qxc7 Rxc7 18. Nd2 Ng4 19. Ncb3 Nxb3 20. Nxb3 Nxe3 21.
Rxe3 Bg5 22. Ree1 Bc4 23. Na5 Be6 24. Bf1 Rc5 25. Nb7 Rc2 26. h4 Be7 27. Rab1 Rb8 28. Na5 Bc5 29. Re2 b3 30. Rd1 Bg4 31. Rxc2 bxc2 32.
Rc1 Rxb2 33. Nc4 Ra2 34. Bd3 Bd1 35. Ne3 Ba3 36. Rxc2 Bxc2 37. Nxc2 Bc5 38. Kf1 Rxa4 39. Ne1 Ra2 40. Be2 Ra1 0-1

[Event "Early-Titled-Tuesday-Blitz-May-14-2024"]
[Site "Chess.com"]
[Date "2024.05.14"]
[Round "8"]
[White "bazar-wokzal"]
[Black "brunomorado"]
[Result "1-0"]
[WhiteElo "2616"]
[BlackElo "2387"]
[TimeControl "180+1"]
[EndTime "9:29:59 PDT"]
[Termination "bazar-wokzal won by resignation"]

1. e4 c5 2. c3 d5 3. exd5 Qxd5 4. d4 Nc6 5. Nf3 Bg4 6. dxc5 Qxc5 7. h3 Bh5 8. Be3 Qa5 9. Na3 e6 10. Qb3 O-O-O 11.
Nc4 Qc7 12. Be2 Nf6 13. O-O Nd5 14. Bd2 Bxf3 15. Bxf3 Ne5 16. Nxe5 Qxe5 17. Rfe1 Qc7 18. c4 Nf6 19. Be3 Kb8 20. a4 Nd7 21. a5 Bc5 22. Bf4 e5 23. Bxe5 Nxe5 24. Rxe5 Rd3 25. Qxd3 Qxe5 26.
Rb1 Rc8 27. b4 Qd4 28. Qe2 Bd6 29. c5 Be5 30. Rd1 Qxb4 31. Qxe5+ 1-0

[Event "Early-Titled-Tuesday-Blitz-May-14-2024"]
[Site "Chess.com"]
[Date "2024.05.14"]
[Round "8"]
[White "FormerProdigy"]
[Black "Makswolf200817"]
[Result "1-0"]
[WhiteElo "2992"]
[BlackElo "2777"]
[TimeControl "180+1"]
[EndTime "9:30:00 PDT"]
[Termination "FormerProdigy won by checkmate"]

1. d4 d5 2. c4 e6 3. Nc3 c6 4. e3 Nf6 5. Nf3 Nbd7 6. Qc2 Bd6 7. b3 O-O 8. Be2 b6 9. O-O Bb7 10. Bb2 Qe7 11. a4 a6 12. a5 b5 13. c5 Bc7 14. e4 b4 15. exd5 bxc3 16. d6 Qe8 17. Bxc3 Bd8 18. Bd3 h6 19. Rfe1 Nd5 20. Bd2 Bf6 21. Qc1 e5 22. Bxh6 Qe6 23. dxe5 Nxe5 24.
Nxe5 Bxe5 25. Bxg7 Bxg7 26. Rxe6 fxe6 27. Ra4 e5 28.
Rg4 Nf4 29. Bc4+ Kh8 30. Rh4+ Bh6 31. Rxh6+ Kg7 32. Rh4 Bc8 33. Qe3 Ng6 34. Qh6+ Kf6 35. Bd3 Bf5 36. Bxf5 Kxf5 37. Rh5+ Kf6 38. Rg5 Rg8 39.
h4 Kf7 40. h5 Nf8 41. Rf5+ Ke8 42. Rxe5+ Kd8 43. Qf6+ Kc8 44. Re8+ Kb7 45. Qf7+ Nd7 46.
Qxd7# 1-0

[Event "Early-Titled-Tuesday-Blitz-May-14-2024"]
[Site "Chess.com"]
[Date "2024.05.14"]
[Round "8"]
[White "NowInChess"]
[Black "youngdinousaur"]
[Result "0-1"]
[WhiteElo "2250"]
[BlackElo "2373"]
[TimeControl "180+1"]
[EndTime "9:30:02 PDT"]
[Termination "youngdinousaur won on time"]

1. e4 c5 2. d3 e6 3. g3 d5 4. Nd2 Nc6 5. Bg2 Nf6 6. Ngf3 Be7 7. O-O O-O 8. e5 Nd7 9. Re1 Qc7 10. Qe2 b5 11. h4 Bb7 12. Nf1 d4 13. N1d2 a5 14.
a4 bxa4 15. Nc4 Nb4 16. Rxa4 Nb6 17. Nxb6 Qxb6 18. Bg5 Rfe8 19. Rea1 Bc6 20. R4a3 h6 21. Bxe7 Rxe7 22. Ne1 Rea7 23. Bxc6 Qxc6 24. c3 Nd5 25. c4 Nb4 26. Ra4 Qc7 27. f4 Nc6 28. Nf3 Rb7 29. R4a2 Rab8 30. Kg2 Rb3 31. Kh3 Nb4 32. Ra3 Nxd3 33. Rxa5 Qc6 0-1

[Event "Early-Titled-Tuesday-Blitz-May-14-2024"]
[Site "Chess.com"]
[Date "2024.05.14"]
[Round "8"]
[White "cukus"]
[Black "subham777"]
[Result "0-1"]
[WhiteElo "2368"]
[BlackElo "2537"]
[TimeControl "180+1"]
[EndTime "9:30:03 PDT"]
[Termination "subham777 won by resignation"]

1. e4 e6 2. d4 d5 3. exd5 exd5 4. Nf3 Nf6 5. Bd3 Bd6 6. Qe2+ Be7 7. O-O O-O 8. Ne5 c5 9. c3 Nc6 10. Nxc6 bxc6 11.
dxc5 Bxc5 12. Bg5 h6 13. Bh4 Be7 14. h3 Be6 15. Nd2 Nd7 16. Bg3 Nc5 17. Bc2 Bd6 18. Qe3 Re8 19. Qf3 Bxg3 20. Qxg3 a5 21. Nf3 Ne4 22.
Bxe4 dxe4 23. Nd4 Bd5 24. Rad1 Qf6 25. Rfe1 Bxa2 26. b3 a4 27. bxa4 Rxa4 28. Qc7 Bd5 29. Re3 Ra2 30. Qg3 Re5 31. Nf3 Rf5 32. Nd4 Rfxf2 33.
Rde1 h5 34. c4 Rxg2+ 35. Qxg2 Rxg2+ 36. Kxg2 Qxd4 37. cxd5 cxd5 38. Kg3 Qe5+ 39. Kg2 f5 40. R3e2 f4 41. Ra2 f3+ 42. Kf2 Qh2+ 0-1

[Event "Early-Titled-Tuesday-Blitz-May-14-2024"]
[Site "Chess.com"]
[Date "2024.05.14"]
[Round "8"]
[White "Kombinator01"]
[Black "BillCoe"]
[Result "1-0"]
[WhiteElo "2372"]
[BlackElo "2183"]
[TimeControl "180+1"]
[EndTime "9:30:03 PDT"]
[Termination "Kombinator01 won on time"]

1. e4 c5 2. Nc3 e6 3. f4 d5 4. Nf3 Nc6 5. exd5 exd5 6. d4 Nf6 7. Bb5 a6 8. Bxc6+ bxc6 9. O-O Be7 10. Be3 cxd4 11.
Bxd4 O-O 12. Ne5 Qc7 13. Re1 c5 14. Bf2 d4 15. Ne4 Nxe4 16. Rxe4 Bb7 17. Re2 Bf6 18.
Bg3 Rfe8 19. b3 Rad8 20. Qf1 Qd6 21. Rae1 Qd5 22. Ng4 Rxe2 23. Nxf6+ gxf6 24. Qxe2 Bc6 25. Qg4+ Kf8 26. Bh4 Rd6 27. h3 d3 28. cxd3 Qxd3 29.
Bf2 Qd5 30. Kh2 f5 31. Qf3 Qxf3 32. gxf3 Bxf3 33. Bxc5 Kg7 34. Bxd6 Be4 35. Be5+ Kf8 36. Bf6 Kg8 37. Rc1 h5 38. Kg3 Kh7 39. Kh4 Kg6 40. Be5 1-0

[Event "Early-Titled-Tuesday-Blitz-May-14-2024"]
[Site "Chess.com"]
[Date "2024.05.14"]
[Round "8"]
[White "yuriydovzik"]
[Black "DarZay"]
[Result "1-0"]
[WhiteElo "2167"]
[BlackElo "2307"]
[TimeControl "180+1"]
[EndTime "9:30:05 PDT"]
[Termination "yuriydovzik won by resignation"]

1. b3 d5 2. Bb2 c5 3. e3 Nc6 4. Nf3 Qc7 5. Bb5 Bg4 6. h3 Bh5 7. g4 Bg6 8. Ne5 e6 9. f4 Be4 10. O-O f6 11. d3 Bg6 12. Bxc6+ bxc6 13. Nxg6 hxg6 14. Qf3 Bd6 15. Nd2 Nh6 16. c4 Nf7 17. Kg2 O-O-O 18. Rac1 Rh4 19. Rh1 Rdh8 20. Qf2 g5 21. Nf3 R4h6 22. cxd5 gxf4 23. dxe6 fxe3 24. Qxe3 Bf4 25. Qxc5 Bxc1 26. exf7 Bxb2 27. f8=Q+ Rxf8 28. Qxf8+ Kb7 29. Qb4+ Qb6 30. Qe7+ Qc7 31. Re1 Rh7 32. Qb4+ Qb6 33. Re7+ Ka6 34. Qa4+ Qa5 35. Rxa7+ Kxa7 36. Qxa5+ Kb7 37. Qb4+ Kc8 38. Qf8+ Kb7 39. Qg8 Rh6 40. Qxg7+ Kb6 41. Qxh6 c5 42. Qg6 1-0

[Event "Early-Titled-Tuesday-Blitz-May-14-2024"]
[Site "Chess.com"]
[Date "2024.05.14"]
[Round "8"]
[White "Polish_fighter3000"]
[Black "BilodeauA"]
[Result "1-0"]
[WhiteElo "3112"]
[BlackElo "2905"]
[TimeControl "180+1"]
[EndTime "9:30:07 PDT"]
[Termination "Polish_fighter3000 won by resignation"]

1. d4 d5 2. c4 dxc4 3. e4 Nf6 4. e5 Nd5 5. Bxc4 Nb6 6. Bd3 Nc6 7. Ne2 Bg4 8. Be3 Qd7 9. Nbc3 O-O-O 10. Be4 Bf5 11. O-O Bxe4 12. Nxe4 e6 13. a3 Kb8 14. Qc2 Be7 15. b4 a6 16. Rab1 Na7 17. Rfc1 Qc6 18. Nc5 Nd5 19. a4 Bxc5 20. dxc5 Nxe3 21. fxe3 Qd5 22. b5 a5 23. Nd4 Qxe5 24. Qc3 Qe4 25. b6 Nc6 26. bxc7+ Kxc7 27. Nb5+ Kc8 28. Nd6+ Rxd6 29. cxd6 Rd8 30. Qxa5 Qxe3+ 31. Kh1 1-0

[Event "Early-Titled-Tuesday-Blitz-May-14-2024"]
[Site "Chess.com"]
[Date "2024.05.14"]
[Round "8"]
[White "FoggyMorning"]
[Black "LangesNasenhaar"]
[Result "1-0"]
[WhiteElo "2621"]
[BlackElo "2474"]
[TimeControl "180+1"]
[EndTime "9:30:07 PDT"]
[Termination "FoggyMorning won by resignation"]

1. e4 g6 2. d4 Bg7 3. Nc3 c6 4. f4 d5 5. e5 Nh6 6. Nf3 f6 7.
h3 Nf5 8. Bd3 Ng3 9. Rg1 O-O 10.
Be3 c5 11. dxc5 Nc6 12. Bf2 fxe5 13. Bxg3 e4 14. Nxe4 dxe4 15. Bc4+ Kh8 16. Qxd8 Rxd8 17. Ng5 Bxb2 18. Nf7+ Kg7 19. Nxd8 Bxa1 20. Nxc6 Bc3+ 21. Ke2 bxc6 22. Rb1 h6 23. Bf2 e5 24. Rb3 Bd4 25.
fxe5 Bxe5 26. Ke3 Kf6 27. g4 h5 28. Kxe4 hxg4 29. hxg4 Bxg4 30. Bh4+ g5 31. Bxg5+ Kxg5 32. Kxe5 Rd8 33. Rd3 Re8+ 34. Kd6 Rc8 35. Rg3 Rd8+ 36. Kxc6 Kf4 37. Rd3 Rc8+ 38. Kd6 Rd8+ 39. Ke7 Rc8 40.
Rd4+ Kg5 41. Rxg4+ Kxg4 42. Be6+ 1-0

[Event "Early-Titled-Tuesday-Blitz-May-14-2024"]
[Site "Chess.com"]
[Date "2024.05.14"]
[Round "8"]
[White "pfalcon1949"]
[Black "Darko-Dimitrijevic"]
[Result "0-1"]
[WhiteElo "1916"]
[BlackElo "2214"]
[TimeControl "180+1"]
[EndTime "9:30:07 PDT"]
[Termination "Darko-Dimitrijevic won on time"]

1. e4 d6 2. d4 Nf6 3. Nc3 c6 4. f4 Qa5 5. Nf3 Nxe4 6. Bd3 Nxc3 7. bxc3 Qxc3+ 8. Bd2 Qa3 9. O-O Nd7 10. Ng5 Nf6 11.
h3 h6 12. Nf3 d5 13. Qe2 e6 14. Ne5 Be7 15. c3 Qd6 16. Rae1 O-O 17. Kh1 c5 18.
Qf2 c4 19. Bb1 b5 20. Qg3 Kh8 21. f5 exf5 22. Nxf7+ Rxf7 23. Qg6 Rf8 24. Bxh6 gxh6 25. Qxh6+ Nh7 26. Qh5 Bg5 27. Re5 Qh6 28. Qe2 Bd7 29. Rxd5 Rae8 30. Re5 Nf6 31. Bxf5 Bxf5 32. Rfxf5 Nh5 33.
Rxg5 Qxg5 34. Qxh5+ Qxh5 35. Rxh5+ Kg7 36. Rxb5 Re2 37.
Rb7+ Rf7 38. Rb4 Rf1+ 39. Kh2 Rff2 40. Rxc4 Rxg2+ 41. Kh1 Rxa2 42. Rc7+ Kh6 43. Rxa7 Rxa7 44. Kxg2 Rc7 0-1

[Event "Early-Titled-Tuesday-Blitz-May-14-2024"]
[Site "Chess.com"]
[Date "2024.05.14"]
[Round "8"]
[White "Chernov_Mikhail"]
[Black "Renatoforf"]
[Result "1/2-1/2"]
[WhiteElo "2347"]
[BlackElo "1965"]
[TimeControl "180+1"]
[EndTime "9:30:08 PDT"]
[Termination "Game drawn by repetition"]

1. e4 c5 2. Nf3 d6 3. d4 cxd4 4.
Nxd4 Nf6 5. Nc3 g6 6. g4 Bxg4 7. f3 Bd7 8. Be3 Bg7 9. Bc4 Nc6 10. Qd2 O-O 11. O-O-O Rc8 12. Bb3 Ne5 13. h4 Qa5 14. Kb1 Rfe8 15. Rdg1 Rxc3 16. bxc3 Nxf3 17. Nxf3 Nxe4 18.
Qd3 Nxc3+ 19. Kc1 Bf5 20. Qc4 Be6 21. Qd3 Bf5 22. Qc4 d5 23. Qf1 Nxa2+ 24. Kd1 Nc3+ 25. Ke1 Ne4+ 26. Ke2 Qb5+ 27. Kd1 Nc3+ 28. Kd2 Ne4+ 29. Kd1 Qa5 30. Ke2 Qb5+ 31. Kd1 1/2-1/2

[Event "Early-Titled-Tuesday-Blitz-May-14-2024"]
[Site "Chess.com"]
[Date "2024.05.14"]
[Round "8"]
[White "Fjal"]
[Black "laurenzchess"]
[Result "0-1"]
[WhiteElo "2335"]
[BlackElo "2495"]
[TimeControl "180+1"]
[EndTime "9:30:10 PDT"]
[Termination "laurenzchess won by checkmate"]

1. Nf3 f5 2. g3 g6 3. Bg2 Bg7 4. O-O e5 5. e4 fxe4 6. Nh4 Nf6 7. c4 c6 8. c5 b6 9. b4 bxc5 10.
bxc5 Na6 11. Qc2 Nb4 12. Qc4 a5 13. Nc3 Ba6 14. Qb3 Bxf1 15. Bxf1 Qe7 16. Ba3 Qxc5 17. Re1 d5 18. d3 Ng4 19. Nxe4 Qb6 20. Bh3 Nf6 21.
Nd6+ Ke7 22. d4 e4 23. Nxe4 dxe4 24. Qe6+ Kd8 25. Rxe4 Qc7 26. Bxb4 axb4 27. Rf4 Re8 28. Qc4 Nd5 29. Rf3 Ra3 30. Rxa3 bxa3 31. Nf3 Qb6 32. Ng5 Re1+ 33. Kg2 Bxd4 34. Qa4 Bxf2 35. Qa8+ Ke7 36. Qg8 Rg1+ 37. Kf3 Qe3+ 38. Kg4 h5+ 39. Kh4 Qf4+ 40. Bg4 Qxg4# 0-1

[Event "Early-Titled-Tuesday-Blitz-May-14-2024"]
[Site "Chess.com"]
[Date "2024.05.14"]
[Round "8"]
[White "suyu28"]
[Black "Skatchkov_V"]
[Result "1-0"]
[WhiteElo "2845"]
[BlackElo "2640"]
[TimeControl "180+1"]
[EndTime "9:30:11 PDT"]
[Termination "suyu28 won by resignation"]

1. f4 d5 2. Nf3 g6 3. g3 Bg7 4.
Bg2 Nh6 5. O-O O-O 6. e3 c5 7. d3 Nc6 8. Qe2 e5 9. fxe5 Ng4 10. d4 cxd4 11. exd4 Qb6 12. c3 Ngxe5 13. Nxe5 Nxe5 14.
Bxd5 Bg4 15. Qg2 Nd3 16. Na3 Rad8 17. Nc4 Bxd4+ 18. Kh1 Qb5 19. cxd4 Rxd5 20. Ne3 Be6 21. Bd2 Rh5 22. g4 Rh4 23. d5 Bd7 24. Bc3 h5 25. gxh5 Rxh5 26. Rf6 Kh7 27. Rg1 Rh6 28. Qf3 Bh3 29.
Rxf7+ 1-0

[Event "Early-Titled-Tuesday-Blitz-May-14-2024"]
[Site "Chess.com"]
[Date "2024.05.14"]
[Round "8"]
[White "Chernov_Alexander_A"]
[Black "Denisenko_Denis"]
[Result "1/2-1/2"]
[WhiteElo "2273"]
[BlackElo "2414"]
[TimeControl "180+1"]
[EndTime "9:30:14 PDT"]
[Termination "Game drawn by repetition"]

1. Nf3 d5 2. g3 c6 3. Bg2 Bf5 4.
O-O Nf6 5. d3 e6 6. Qe1 Be7 7. Nh4 Bg4 8. h3 Bh5 9. e4 dxe4 10.
dxe4 O-O 11. Nc3 Nbd7 12. f4 Nb6 13. Kh1 Nfd7 14. Nf3 Bxf3 15. Bxf3 e5 16. Qe2 Bb4 17. Bd2 Qe7 18. Rad1 Rad8 19. a3 Bd6 20. f5 Qe8 21. g4 Be7 22. g5 f6 23. Bh5 g6 24.
fxg6 hxg6 25. gxf6 Nxf6 26. Bxg6 Qd7 27. Bf5 Qe8 28.
Rg1+ Kh8 29. Rg6 Rg8 30. Rdg1 Rxg6 31. Rxg6 Rd6 32. Qf2 Nh7 33. Rg1 Nc4 34. Bxh7 Rxd2 35. Qf5 Qf8 36. Rg8+ Qxg8 37. Bxg8 Kxg8 38. Qg6+ Kf8 39.
Qf5+ Ke8 40. Qc8+ Kf7 41. Qf5+ Ke8 42. Qc8+ Kf7 43. Qf5+ Ke8 1/2-1/2

[Event "Early-Titled-Tuesday-Blitz-May-14-2024"]
[Site "Chess.com"]
[Date "2024.05.14"]
[Round "8"]
[White "nrvisakh"]
[Black "jumpingknight20"]
[Result "1-0"]
[WhiteElo "2927"]
[BlackElo "2752"]
[TimeControl "180+1"]
[EndTime "9:30:16 PDT"]
[Termination "nrvisakh won by resignation"]

1. e4 c5 2. Nf3 d6 3. b4 cxb4 4. d4 d5 5. Bd3 dxe4 6. Bxe4 Nf6 7. Bd3 g6 8. a3 Nc6 9. O-O Bg7 10. Bb5 bxa3 11.
Ne5 Qb6 12. Bxc6+ bxc6 13. Bxa3 O-O 14. Bxe7 Re8 15. Bc5 Qc7 16. Nd2 Bf5 17. Qf3 Bxc2 18. Rfc1 Be4 19. Nxe4 Nxe4 20. Qxe4 f6 21. Qxc6 Qxc6 22.
Nxc6 Kf7 23. d5 Rec8 24. Rab1 Rc7 25. Bxa7 Rd7 26. Be3 Re8 27. h3 Rxd5 28. Rb7+ Kf8 29.
Bc5+ Rxc5 30. Rxc5 f5 31. g3 h5 32. Nb8 Bd4 33.
Rd5 Bc3 34. Nd7+ Kg8 35. Rd6 Bg7 36. Rxg6 Kh7 37. Nf6+ 1-0

[Event "Early-Titled-Tuesday-Blitz-May-14-2024"]
[Site "Chess.com"]
[Date "2024.05.14"]
[Round "8"]
[White "luggevoila"]
[Black "Abund"]
[Result "0-1"]
[WhiteElo "2349"]
[BlackElo "2785"]
[TimeControl "180+1"]
[EndTime "9:30:17 PDT"]
[Termination "Abund won by resignation"]

1. e4 g6 2. d4 Bg7 3. Nc3 a6 4. Be3 b5 5. g4 Bb7 6. Bg2 d6 7. h4 h6 8. Qd2 Nd7 9. a4 b4 10. Nce2 a5 11. h5 g5 12. f4 gxf4 13. Nxf4 Ngf6 14. d5 Nxg4 15. Bd4 Nge5 16. Nge2 Nc4 17. Qd3 Nde5 18. Qg3 Bf6 19. b3 Na3 20. Rc1 c5 21. dxc6 Bxc6 22. c3 Qd7 23. cxb4 axb4 24. O-O Bg5 25.
Rcd1 Qb7 26. Nd5 Bxd5 27. exd5 Bf6 28. Rxf6 exf6 29. Bh3 Kf8 30. Rf1 Rg8 0-1

[Event "Early-Titled-Tuesday-Blitz-May-14-2024"]
[Site "Chess.com"]
[Date "2024.05.14"]
[Round "8"]
[White "twitchTriniCupid"]
[Black "manmanlai1"]
[Result "0-1"]
[WhiteElo "2410"]
[BlackElo "2581"]
[TimeControl "180+1"]
[EndTime "9:30:19 PDT"]
[Termination "manmanlai1 won by resignation"]

1. d4 Nf6 2. Nf3 e6 3. b3 c5 4. Bb2 b5 5. e3 b4 6. c3 bxc3 7.
Nxc3 Bb7 8. Be2 Nc6 9. O-O cxd4 10. Nxd4 Be7 11. Rc1 O-O 12. Ncb5 Qb6 13. a4 Nb4 14.
Rc7 a6 15. a5 Qxa5 16. Rxb7 axb5 17. Rxb5 Qa7 18. Bc3 Nbd5 19. Be1 Rfc8 20. Qb1 Nc3 21. Bxc3 Rxc3 22. Rd1 Rb8 23. Rxb8+ Qxb8 24. Qb2 Rc7 25. Rc1 Rxc1+ 26. Qxc1 g6 27. Qc2 h5 28. h3 Kg7 29.
Qc4 Qd6 30. g3 Qa3 31. Kg2 Nd5 32. Bf3 Nb4 33. Nc2 Nxc2 34. Qxc2 d5 35. e4 d4 36. Qd3 e5 37. Be2 Qb2 38. f4 exf4 39. gxf4 Bb4 40. e5 Bc3 41. Qc4 Qd2 42. e6 Qxf4 43. exf7 Be1 44.
Bf3 Qg3+ 0-1

[Event "Early-Titled-Tuesday-Blitz-May-14-2024"]
[Site "Chess.com"]
[Date "2024.05.14"]
[Round "8"]
[White "NMChessToImpress"]
[Black "MaxLeto"]
[Result "1-0"]
[WhiteElo "2274"]
[BlackElo "2397"]
[TimeControl "180+1"]
[EndTime "9:30:21 PDT"]
[Termination "NMChessToImpress won on time"]

1. e4 c5 2. Nf3 d6 3. d4 cxd4 4. Nxd4 Nf6 5. Nc3 a6 6. Be3 Ng4 7. Bg5 h6 8. Bh4 g5 9. Bg3 Bg7 10. h3 Ne5 11. Nf5 Bxf5 12. exf5 Qa5 13. Be2 Nec6 14. O-O Bxc3 15. bxc3 Qxf5 16. Rb1 b5 17. a4 bxa4 18. Rb7 Qc5 19. Bd3 Nd7 20. Re1 Nde5 21.
Qb1 Kf8 22. Rc7 Qa5 23. Bxe5 Nxe5 24. Qb7 Re8 25. Bxa6 a3 26. Bb5 Kg7 27. Bxe8 Rxe8 28. Rxe7 Rxe7 29. Qxe7 Qxc3 30. Rf1 Qc5 31. Kh2 a2 32. f4 gxf4 33. Rxf4 1-0

[Event "Early-Titled-Tuesday-Blitz-May-14-2024"]
[Site "Chess.com"]
[Date "2024.05.14"]
[Round "8"]
[White "Brahianzevich"]
[Black "yaguigor"]
[Result "0-1"]
[WhiteElo "2400"]
[BlackElo "2573"]
[TimeControl "180+1"]
[EndTime "9:30:22 PDT"]
[Termination "yaguigor won by resignation"]

1. e4 c5 2. Nf3 Nc6 3. d4 cxd4 4.
Nxd4 Nf6 5. Nc3 e5 6. Ndb5 d6 7. Bg5 a6 8. Na3 b5 9. Nd5 Be7 10. Bxf6 Bxf6 11. c4 b4 12. Nc2 O-O 13. Qf3 a5 14.
O-O-O Bg5+ 15. Kb1 f5 16. Bd3 f4 17. h4 Bh6 18. c5 dxc5 19. Bc4 Kh8 20. Ndxb4 Nd4 21. Nxd4 cxd4 22. Nc6 Qd6 23. Bd5 Bb7 24. Rc1 Rfc8 25. Nxa5 Bxd5 26. Rxc8+ Rxc8 27. exd5 Qg6+ 28. Ka1 e4 29.
Qd1 Qxg2 30. Rf1 e3 31. fxe3 Qxd5 32. Nb3 fxe3 33. Qxd4 e2 34. Re1 Qxd4 35. Nxd4 Rd8 36. Nf3 Rd1+ 0-1

[Event "Early-Titled-Tuesday-Blitz-May-14-2024"]
[Site "Chess.com"]
[Date "2024.05.14"]
[Round "8"]
[White "sterpfi"]
[Black "amanjazu"]
[Result "0-1"]
[WhiteElo "2322"]
[BlackElo "2524"]
[TimeControl "180+1"]
[EndTime "9:30:22 PDT"]
[Termination "amanjazu won by resignation"]

1. e4 Nf6 2. e5 Nd5 3. d4 d6 4. c4 Nb6 5. exd6 cxd6 6. Nc3 g6 7. Be3 Bg7 8. Rc1 O-O 9. b3 Nc6 10. d5 Ne5 11. Be2 h5 12. h3 a5 13. f4 Ned7 14.
Nf3 a4 15. O-O axb3 16. axb3 Nc5 17. Nd4 e5 18. dxe6 fxe6 19. Qc2 e5 20. fxe5 dxe5 21.
Qxg6 exd4 22. Bh6 Ne6 23. Bd3 Rf6 24. Qh7+ Kf8 25. Bxg7+ Nxg7 26. Qh8+ Kf7 27. Qxd8 Bf5 28. Bxf5 Rxd8 29. Ne4 Rxf5 30. Rxf5+ Nxf5 31. c5 Nd5 32. c6 bxc6 33. Rxc6 d3 34. Kf2 Re8 35. Nd2 Re2+ 36. Kf3 Nd4+ 37. Kg3 Nxc6 0-1

[Event "Early-Titled-Tuesday-Blitz-May-14-2024"]
[Site "Chess.com"]
[Date "2024.05.14"]
[Round "8"]
[White "KorolDimitriy75"]
[Black "klercaku"]
[Result "1-0"]
[WhiteElo "2410"]
[BlackElo "2255"]
[TimeControl "180+1"]
[EndTime "9:30:22 PDT"]
[Termination "KorolDimitriy75 won by resignation"]

1. d4 d5 2. c4 e6 3. Nc3 Nf6 4.
Bg5 Nbd7 5. cxd5 exd5 6. e3 c6 7. Bd3 Be7 8. Qc2 O-O 9. Nge2 Re8 10. f3 Nf8 11. O-O h6 12. Bh4 Ne6 13. Rad1 a6 14.
Bf2 Bd6 15. h3 Nh5 16. e4 dxe4 17. fxe4 Nhf4 18. e5 Nxd3 19. Qxd3 Bc7 20. Ng3 Nf4 21.
Qf3 Nd5 22. Nce4 Qe7 23. Nh5 Be6 24. Qg3 f5 25. Nc5 g6 26. Qxg6+ Kh8 27. Nxe6 Rg8 28.
Qxh6+ Qh7 29. Qxh7+ Kxh7 30. Nxc7 Nxc7 31. Nf6+ Kg6 32.
Nxg8 Rxg8 33. Kh2 Nd5 34. Rd3 f4 35. Rf3 Kf5 36. Bg3 Ke4 37. Rxf4+ Nxf4 38. Rxf4+ Ke3 39.
h4 1-0

[Event "Early-Titled-Tuesday-Blitz-May-14-2024"]
[Site "Chess.com"]
[Date "2024.05.14"]
[Round "8"]
[White "teresin05"]
[Black "KanalSzachowy"]
[Result "0-1"]
[WhiteElo "2255"]
[BlackElo "2404"]
[TimeControl "180+1"]
[EndTime "9:30:22 PDT"]
[Termination "KanalSzachowy won on time"]

1. e4 c5 2. Nf3 Nc6 3. d4 cxd4 4. Nxd4 Nf6 5. Nc3 e5 6. Ndb5 d6 7. Bg5 a6 8. Na3 b5 9. Nd5 Be7 10. Bxf6 Bxf6 11. c3 O-O 12. Nc2 Bg5 13. h4 Bh6 14. g3 Ne7 15. Bg2 Nxd5 16. Qxd5 Be6 17. Qd3 Ra7 18.
Ne3 Rd7 19. O-O g6 20. a4 Bxe3 21. Qxe3 Bc4 22. Rfc1 f5 23. exf5 gxf5 24. axb5 axb5 25. Ra7 f4 26. Rxd7 fxe3 27. Rxd8 exf2+ 28. Kh2 Rxd8 29. Bf1 e4 30. Kg2 e3 31. Bxc4+ bxc4 32. Kf3 Rf8+ 33. Ke2 f1=Q+ 34. Rxf1 Re8 35. Rf3 Kg7 36. Rxe3 Rxe3+ 37. Kxe3 Kf6 38. Kf4 Ke6 39. Ke4 h5 0-1

[Event "Early-Titled-Tuesday-Blitz-May-14-2024"]
[Site "Chess.com"]
[Date "2024.05.14"]
[Round "8"]
[White "czechbul17"]
[Black "kanzaww"]
[Result "1-0"]
[WhiteElo "2237"]
[BlackElo "2503"]
[TimeControl "180+1"]
[EndTime "9:30:23 PDT"]
[Termination "czechbul17 won by resignation"]

1. d4 Nf6 2. Nf3 e6 3. c4 d5 4.
Nc3 Nbd7 5. Bg5 Be7 6. e3 h6 7. Bh4 O-O 8. Qc2 c5 9. O-O-O Qa5 10.
cxd5 Nxd5 11. Bxe7 Nxe7 12. Kb1 b6 13. Bd3 Nf6 14. Ne5 Bb7 15. Nc4 Qa6 16. Nd6 b5 17. dxc5 Bc6 18. Ncxb5 Rab8 19. a4 Nfd5 20. Nd4 Qxa4 21.
Qxa4 Bxa4 22. Rd2 Nc6 23. Bc2 Bxc2+ 24. Kxc2 Ncb4+ 25. Kb1 a5 26. Rc1 e5 27. Nc6 Nxc6 28.
Rxd5 a4 29. Nc4 f6 30. Nb6 Nb4 31. Rd6 Rf7 32. Rc4 Na6 33. Nxa4 Rc7 34. Rxa6 Rd8 35.
Nc3 Rd2 36. Ne4 Re2 37. Rc2 Re1+ 38. Ka2 f5 39. Ng3 f4 40. exf4 exf4 41. Nh5 Re4 42. Rg6 Kh7 43. Rxg7+ Rxg7 44. Nf6+ Kg6 45. Nxe4 Kf5 46. f3 Ra7+ 47. Kb1 Rc7 48. b4 Ke5 49. b5 Kd4 50. b6 Rb7 51. Kc1 1-0

[Event "Early-Titled-Tuesday-Blitz-May-14-2024"]
[Site "Chess.com"]
[Date "2024.05.14"]
[Round "8"]
[White "ChadBiryani"]
[Black "AniJak"]
[Result "1-0"]
[WhiteElo "2547"]
[BlackElo "2388"]
[TimeControl "180+1"]
[EndTime "9:30:23 PDT"]
[Termination "ChadBiryani won on time"]

1. c4 e5 2. g3 Nc6 3. Bg2 g6 4. b3 Bg7 5. Bb2 d6 6. Nf3 f5 7. d3 Nge7 8. O-O O-O 9. Nc3 h6 10. e3 g5 11. Ne1 f4 12. Nc2 Ng6 13. Nd5 Be6 14. d4 Qd7 15. Ne1 Bh3 16. Qh5 Bxg2 17. Nxg2 Qf5 18. dxe5 f3 19. Ne1 Ngxe5 20. Rd1 Rae8 21. Kh1 Ng4 22. Bxg7 Kxg7 23. h3 Nf6 24. Nxf6 Qxf6 25. Rd2 Ne5 26. Kh2 Qf5 27. Rc2 Nd7 28.
Qg4 Qg6 29. Rd2 1-0

[Event "Early-Titled-Tuesday-Blitz-May-14-2024"]
[Site "Chess.com"]
[Date "2024.05.14"]
[Round "8"]
[White "Raskolnikov6"]
[Black "Artemiki"]
[Result "0-1"]
[WhiteElo "2442"]
[BlackElo "2613"]
[TimeControl "180+1"]
[EndTime "9:30:24 PDT"]
[Termination "Artemiki won by resignation"]

1. c4 c5 2. g3 Nc6 3. Bg2 g6 4. Nc3 Bg7 5. Nf3 Nf6 6. O-O d6 7. d4 cxd4 8. Nxd4 Bd7 9. Nc2 h5 10. Bg5 Qc8 11. Rc1 Bh3 12. Bxh3 Qxh3 13. Bxf6 Bxf6 14.
Nd5 h4 15. Nxf6+ Kf8 16. Qd3 Ne5 17. Qa3 exf6 18. gxh4 Qxh4 19. Qg3 Qe4 20. Ne3 f5 21. f4 Nc6 22. Rcd1 Nd4 23. Rf2 Re8 24. Rd3 Ne6 25. b3 Nc5 26. Rd2 Qxe3 27. Qxe3 Rxe3 28. Rxd6 Kg7 29. Rd5 Ne4 30. Rg2 Rc3 31. e3 Rc1+ 0-1